[ AOE2 MATCH · #504730752 ]
UnrankedPersians vs Romans
Player's team · LOSS
Rival team · WIN
[ REPLAY ANALYSIS · EXTRACTED FROM THE RECORDED GAME ]
Feudal
8:27
Castle
20:03
Imperial
37:14
| APM avg | 56.7 |
| APM peak | 95 |
| eAPM avg | 35.7 |
| Villagers / military | 202 / 281 |
Focus
⚔️ 36.0% · 🌾 64.0%
Scout Cavalry ×189 · Cavalry Archer ×38 · Spearman ×21 · Mangonel ×10 · Skirmisher ×8 · Monk ×7
Feudal
8:51
Castle
23:32
Imperial
40:37
| APM avg | 71.9 |
| APM peak | 123 |
| eAPM avg | 33.8 |
| Villagers / military | 206 / 228 |
Focus
⚔️ 36.5% · 🌾 63.5%
Spearman ×128 · Centurion ×38 · Scorpion ×22 · Skirmisher ×16 · Scout Cavalry ×7 · Trebuchet (Packed) ×4
Match map
Initial resources + every placement click. Lines = walls · curves = elevation contours. ◆ gold · ⬟ stone · ● berries · ✦ relic · ◌ wall gap
Your base· ✓ Closed at 20:03 · 32t walls · no gate
OS+ | Sziky's base· Open — opponent sealed themselves in
Smoothed initial terrain · ◌ = detected wall gap · hover for details
Inputs per minute
— Tomppa - - OS+ | Sziky
Build order — Tomppa
First 150 of 652 actions detected
| 0:00 | Queue | Villager (Male) |
| 0:00 | Queue | Villager (Male) |
| 0:01 | Build | House |
| 0:02 | Build | House |
| 0:06 | Queue | Villager (Male) |
| 0:23 | Queue | Villager (Male) ×2 |
| 1:29 | Queue | Villager (Male) |
| 2:00 | Queue | Villager (Male) |
| 2:00 | Queue | Villager (Male) |
| 2:32 | Build | Lumber Camp |
| 2:42 | Queue | Villager (Male) ×2 |
| 2:42 | Queue | Villager (Male) ×2 |
| 3:04 | Queue | Villager (Male) |
| 3:33 | Build | House |
| 3:35 | Queue | Villager (Male) ×3 |
| 3:35 | Queue | Villager (Male) ×3 |
| 3:42 | Build | House |
| 4:40 | Build | Mill |
| 5:01 | Queue | Villager (Male) |
| 5:17 | Build | Palisade Wall |
| 5:18 | Build | Palisade Wall |
| 5:26 | Queue | Villager (Male) |
| 5:51 | Queue | Villager (Male) |
| 6:16 | Build | Palisade Wall |
| 6:17 | Build | Palisade Wall |
| 6:17 | Build | Palisade Wall |
| 6:23 | Research | Feudal Age |
| 6:25 | Build | Palisade Wall |
| 6:29 | Build | Palisade Wall |
| 6:53 | Build | Palisade Wall |
| 6:53 | Build | Palisade Wall |
| 6:54 | Build | Palisade Wall |
| 6:55 | Build | Palisade Wall |
| 6:55 | Build | Palisade Wall |
| 7:15 | Build | Palisade Wall |
| 7:16 | Build | Palisade Wall |
| 7:30 | Queue | Villager (Male) |
| 7:54 | Build | Barracks |
| 7:57 | Queue | Villager (Male) |
| 8:19 | Build | House |
| 8:27 | Age | Feudal Age |
| 8:38 | Research | Double-Bit Axe |
| 8:38 | Research | Double-Bit Axe |
| 8:50 | Build | House |
| 9:07 | Queue | Villager (Male) |
| 9:28 | Queue | Villager (Male) |
| 9:29 | Build | Archery Range |
| 9:46 | Queue | Villager (Male) |
| 9:49 | Build | House |
| 9:51 | Research | Loom |
| 10:03 | Build | Farm |
| 10:07 | Build | House |
| 10:10 | Build | House |
| 10:16 | Build | House |
| 10:21 | Build | Farm |
| 10:24 | Queue | Villager (Male) |
| 10:24 | Queue | Villager (Male) |
| 10:24 | Queue | Skirmisher |
| 10:31 | Build | Farm |
| 10:44 | Build | Farm |
| 10:45 | Queue | Villager (Male) |
| 10:51 | Queue | Villager (Male) |
| 10:59 | Queue | Skirmisher |
| 10:59 | Queue | Skirmisher |
| 11:07 | Queue | Skirmisher |
| 11:27 | Build | House |
| 11:29 | Queue | Skirmisher |
| 11:41 | Build | Farm |
| 11:43 | Queue | Villager (Male) |
| 11:55 | Queue | Skirmisher |
| 12:01 | Build | House |
| 12:10 | Build | Farm |
| 12:10 | Queue | Villager (Male) |
| 12:23 | Queue | Skirmisher |
| 12:27 | Queue | Skirmisher |
| 12:46 | Build | Lumber Camp |
| 13:03 | Queue | Villager (Male) |
| 13:03 | Queue | Villager (Male) |
| 13:07 | Build | House |
| 13:28 | Build | Mining Camp |
| 13:47 | Queue | Villager (Male) |
| 13:47 | Queue | Villager (Male) |
| 13:54 | Build | Outpost |
| 13:59 | Build | Outpost |
| 14:03 | Queue | Villager (Male) |
| 14:08 | Build | Blacksmith |
| 14:10 | Build | Farm |
| 14:37 | Build | Farm |
| 14:39 | Build | Farm |
| 14:48 | Research | Wheelbarrow |
| 14:53 | Build | Farm |
| 15:02 | Build | House |
| 15:08 | Build | Watch Tower |
| 15:24 | Build | House |
| 15:26 | Build | House |
| 15:39 | Build | House |
| 15:46 | Research | Fletching |
| 15:46 | Research | Fletching |
| 16:10 | Build | Lumber Camp |
| 16:17 | Queue | Villager (Male) |
| 16:36 | Queue | Villager (Male) |
| 16:43 | Build | Farm |
| 16:56 | Queue | Archer |
| 16:56 | Queue | Archer |
| 17:13 | Build | Farm |
| 17:38 | Research | Castle Age |
| 17:38 | Research | Castle Age |
| 17:49 | Build | House |
| 18:05 | Build | Farm |
| 18:06 | Research | Horse Collar |
| 18:06 | Research | Horse Collar |
| 18:07 | Build | Farm |
| 18:29 | Build | House |
| 18:33 | Build | House |
| 18:58 | Build | House |
| 19:07 | Build | Farm |
| 19:13 | Build | Market |
| 19:30 | Queue | Villager (Male) |
| 20:03 | Age | Castle Age |
| 20:14 | Build | Town Center |
| 20:20 | Queue | Villager (Male) |
| 20:21 | Build | Town Center |
| 20:27 | Research | Bow Saw |
| 20:27 | Research | Bow Saw |
| 20:52 | Queue | Villager (Male) |
| 21:05 | Queue | Villager (Male) |
| 21:05 | Queue | Villager (Male) |
| 21:10 | Build | Siege Workshop |
| 21:17 | Queue | Villager (Male) |
| 21:17 | Queue | Villager (Male) |
| 21:32 | Research | Hand Cart |
| 21:33 | Queue | Villager (Male) |
| 21:35 | Queue | Villager (Male) |
| 21:55 | Queue | Mangonel |
| 21:57 | Queue | Villager (Male) ×2 |
| 21:57 | Queue | Villager (Male) ×2 |
| 22:14 | Queue | Villager (Male) |
| 22:16 | Build | Farm |
| 22:20 | Build | Farm |
| 22:21 | Build | Farm |
| 22:27 | Build | Farm |
| 22:42 | Queue | Villager (Male) |
| 22:55 | Queue | Villager (Male) |
| 22:56 | Build | Farm |
| 22:58 | Build | Farm |
| 23:01 | Queue | Villager (Male) ×2 |
| 23:04 | Queue | Villager (Male) |
| 23:04 | Queue | Villager (Male) |
| 23:31 | Queue | Mangonel |
| 23:32 | Queue | Villager (Male) |
Build order — OS+ | Sziky
First 150 of 683 actions detected
| 0:00 | Queue | Villager (Male) |
| 0:01 | Build | House |
| 0:02 | Build | House |
| 0:05 | Queue | Villager (Male) |
| 0:21 | Queue | Villager (Male) |
| 0:22 | Queue | Villager (Male) |
| 1:36 | Queue | Villager (Male) |
| 1:55 | Build | Lumber Camp |
| 1:59 | Queue | Villager (Male) |
| 2:16 | Queue | Villager (Male) |
| 2:36 | Queue | Villager (Male) |
| 3:14 | Queue | Villager (Male) |
| 3:35 | Queue | Villager (Male) |
| 3:35 | Queue | Villager (Male) |
| 4:04 | Build | House |
| 4:19 | Queue | Villager (Male) |
| 4:39 | Build | House |
| 4:53 | Queue | Villager (Male) |
| 4:54 | Queue | Villager (Male) |
| 4:54 | Queue | Villager (Male) |
| 5:33 | Build | Barracks |
| 5:39 | Research | Loom |
| 6:35 | Research | Feudal Age |
| 6:37 | Queue | Militia |
| 6:52 | Build | Mill |
| 7:04 | Queue | Militia |
| 7:28 | Queue | Militia |
| 7:55 | Build | Mining Camp |
| 8:04 | Queue | Villager (Male) |
| 8:16 | Build | House |
| 8:49 | Queue | Villager (Male) |
| 8:51 | Age | Feudal Age |
| 9:05 | Research | Man-at-Arms (upgrade) |
| 9:08 | Queue | Villager (Male) |
| 9:21 | Build | Archery Range |
| 9:35 | Queue | Villager (Male) |
| 9:46 | Queue | Villager (Male) |
| 9:59 | Queue | Archer |
| 10:01 | Build | House |
| 10:12 | Queue | Villager (Male) |
| 10:47 | Queue | Villager (Male) |
| 10:50 | Queue | Archer |
| 10:56 | Queue | Villager (Male) |
| 11:08 | Build | Farm |
| 11:09 | Build | Farm |
| 11:11 | Build | Farm |
| 11:15 | Queue | Skirmisher |
| 11:21 | Queue | Villager (Male) |
| 11:22 | Build | Watch Tower |
| 11:27 | Build | Watch Tower |
| 11:33 | Queue | Skirmisher |
| 11:41 | Research | Double-Bit Axe |
| 11:52 | Build | House |
| 11:53 | Build | House |
| 12:09 | Build | Farm |
| 12:17 | Queue | Villager (Male) |
| 12:19 | Build | Farm |
| 12:21 | Build | Farm |
| 12:25 | Build | Palisade Wall |
| 12:25 | Build | Palisade Wall |
| 12:26 | Build | Palisade Wall |
| 12:26 | Build | Palisade Wall |
| 12:26 | Build | Palisade Wall |
| 12:26 | Build | Palisade Wall |
| 12:27 | Build | Palisade Wall |
| 12:27 | Build | Palisade Wall |
| 12:27 | Build | Palisade Wall |
| 12:29 | Queue | Villager (Male) |
| 12:52 | Build | House |
| 12:54 | Queue | Skirmisher |
| 13:08 | Queue | Villager (Male) |
| 13:13 | Build | Mining Camp |
| 13:22 | Queue | Villager (Male) |
| 13:23 | Build | House |
| 13:24 | Build | Palisade Wall |
| 13:33 | Queue | Skirmisher |
| 13:36 | Build | Farm |
| 13:49 | Queue | Skirmisher |
| 13:52 | Queue | Villager (Male) |
| 14:12 | Queue | Villager (Male) |
| 14:25 | Queue | Skirmisher |
| 14:31 | Build | Farm |
| 14:32 | Queue | Villager (Male) |
| 14:54 | Queue | Villager (Male) |
| 14:58 | Build | Watch Tower |
| 15:02 | Build | Watch Tower |
| 15:04 | Queue | Skirmisher |
| 15:10 | Queue | Skirmisher |
| 15:20 | Queue | Skirmisher |
| 15:25 | Queue | Skirmisher |
| 15:41 | Queue | Skirmisher |
| 15:44 | Queue | Villager (Male) |
| 15:44 | Queue | Villager (Male) |
| 15:50 | Build | Stable |
| 15:56 | Queue | Villager (Male) |
| 15:57 | Build | Blacksmith |
| 16:00 | Build | Farm |
| 16:15 | Queue | Skirmisher |
| 16:19 | Queue | Villager (Male) |
| 16:36 | Build | Watch Tower |
| 16:37 | Queue | Skirmisher |
| 16:38 | Queue | Villager (Male) |
| 16:42 | Queue | Scout Cavalry |
| 16:43 | Queue | Villager (Male) |
| 16:47 | Research | Fletching |
| 16:47 | Research | Fletching |
| 16:50 | Build | Farm |
| 16:51 | Build | Farm |
| 16:58 | Queue | Villager (Male) |
| 17:06 | Build | Farm |
| 17:19 | Queue | Villager (Male) |
| 17:29 | Queue | Skirmisher |
| 17:50 | Queue | Scout Cavalry |
| 17:53 | Build | Farm |
| 17:56 | Build | House |
| 18:00 | Build | House |
| 18:03 | Queue | Villager (Male) |
| 18:11 | Build | Farm |
| 18:12 | Build | Farm |
| 18:18 | Build | Watch Tower |
| 18:28 | Queue | Villager (Male) |
| 18:36 | Build | Farm |
| 18:38 | Build | Farm |
| 18:39 | Build | Farm |
| 18:43 | Queue | Scout Cavalry |
| 18:50 | Queue | Skirmisher |
| 18:56 | Queue | Skirmisher |
| 19:07 | Build | Farm |
| 19:10 | Queue | Villager (Male) |
| 19:13 | Queue | Villager (Male) |
| 19:28 | Build | Farm |
| 19:29 | Queue | Villager (Male) |
| 20:01 | Build | Market |
| 20:05 | Queue | Villager (Male) |
| 20:35 | Build | Watch Tower |
| 20:46 | Build | Farm |
| 20:47 | Build | Farm |
| 20:52 | Research | Castle Age |
| 20:52 | Research | Castle Age |
| 20:54 | Build | Farm |
| 21:07 | Queue | Villager (Male) |
| 21:22 | Build | Lumber Camp |
| 21:33 | Queue | Scout Cavalry |
| 21:37 | Build | Palisade Wall |
| 21:38 | Build | Palisade Wall |
| 21:38 | Build | Palisade Wall |
| 21:38 | Build | Palisade Wall |
| 21:38 | Build | Palisade Wall |
| 21:38 | Build | Palisade Wall |
| 21:38 | Build | Palisade Wall |
Match timeline
| 5:17 | Tomppa · wall_segment Palisade Wall x1 |
| 5:18 | Tomppa · wall_segment Palisade Wall x10 |
| 5:33 | OS+ | Sziky · first_building Barracks |
| 6:16 | Tomppa · wall_segment Palisade Wall x1 |
| 6:17 | Tomppa · wall_segment Palisade Wall x3 |
| 6:17 | Tomppa · wall_segment Palisade Wall x1 |
| 6:25 | Tomppa · wall_segment Palisade Wall x1 |
| 6:29 | Tomppa · wall_segment Palisade Wall x4 |
| 6:53 | Tomppa · wall_segment Palisade Wall x1 |
| 6:53 | Tomppa · wall_segment Palisade Wall x1 |
| 6:54 | Tomppa · wall_segment Palisade Wall x1 |
| 6:55 | Tomppa · wall_segment Palisade Wall x1 |
| 6:55 | Tomppa · wall_segment Palisade Wall x1 |
| 7:15 | Tomppa · wall_segment Palisade Wall x1 |
| 7:16 | Tomppa · wall_segment Palisade Wall x5 |
| 7:54 | Tomppa · first_building Barracks |
| 8:27 | Tomppa · age_up feudal |
| 8:51 | OS+ | Sziky · age_up feudal |
| 9:21 | OS+ | Sziky · first_building Archery Range |
| 9:29 | Tomppa · first_building Archery Range |
| 12:25 | OS+ | Sziky · wall_segment Palisade Wall x1 |
| 12:25 | OS+ | Sziky · wall_segment Palisade Wall x2 |
| 12:26 | OS+ | Sziky · wall_segment Palisade Wall x1 |
| 12:26 | OS+ | Sziky · wall_segment Palisade Wall x2 |
| 12:26 | OS+ | Sziky · wall_segment Palisade Wall x1 |
| 12:26 | OS+ | Sziky · wall_segment Palisade Wall x2 |
| 12:27 | OS+ | Sziky · wall_segment Palisade Wall x2 |
| 12:27 | OS+ | Sziky · wall_segment Palisade Wall x1 |
| 12:27 | OS+ | Sziky · wall_segment Palisade Wall x1 |
| 13:24 | OS+ | Sziky · wall_segment Palisade Wall x4 |
| 15:50 | OS+ | Sziky · first_building Stable |
| 20:02 | Tomppa · first_market_buy 100 wood |
| 20:03 | Tomppa · age_up castle |
| 20:51 | OS+ | Sziky · first_market_buy 100 food |
| 21:10 | Tomppa · first_building Siege Workshop |
| 21:37 | OS+ | Sziky · wall_segment Palisade Wall x1 |
| 21:38 | OS+ | Sziky · wall_segment Palisade Wall x1 |
| 21:38 | OS+ | Sziky · wall_segment Palisade Wall x2 |
| 21:38 | OS+ | Sziky · wall_segment Palisade Wall x1 |
| 21:38 | OS+ | Sziky · wall_segment Palisade Wall x1 |
| 21:38 | OS+ | Sziky · wall_segment Palisade Wall x2 |
| 21:38 | OS+ | Sziky · wall_segment Palisade Wall x2 |
| 21:39 | OS+ | Sziky · wall_segment Palisade Wall x1 |
| 23:32 | OS+ | Sziky · age_up castle |
| 23:43 | OS+ | Sziky · first_building Siege Workshop |
| 25:15 | OS+ | Sziky · first_market_sell 100 food |
| 25:18 | OS+ | Sziky · first_building Castle |
| 25:51 | Tomppa · first_building Monastery |
| 33:03 | Tomppa · first_building Castle |
| 34:51 | Tomppa · first_building Stable |
| 35:23 | OS+ | Sziky · first_building Monastery |
| 37:14 | Tomppa · age_up imperial |
| 38:46 | Tomppa · first_market_sell 500 wood |
| 40:02 | OS+ | Sziky · wall_segment Stone Wall x1 |
| 40:37 | OS+ | Sziky · age_up imperial |
| 48:15 | OS+ | Sziky · wall_segment Stone Wall x1 |
| 52:08 | Tomppa · resign |
[ AI ANALYSIS · 1 CREDIT ]
What really happened in this match?
Wolo.gg analyzes every decision: build order, eco, micro, common mistakes by bracket. Personalized analysis on WhatsApp or Discord in 30 seconds.
Civ guide
Persians
Perfil
Jugador #1878835